 Dungeon Crawl Stone Soup version 0.31-a0-45-g5f0c076935 (webtiles) character file.

Game seed: 5127140057747545351

49 LobsterGuardian the Cudgeller (level 3, -13/33 HPs)
             Began as a Troll Warper on May 22, 2023.
             Mangled by an ogre
             ... wielding a +0 giant club
              (28 damage)
             ... on level 3 of the Dungeon.
             The game lasted 00:04:48 (1419 turns).

LobsterGuardian the Cudgeller (Troll Warper)        Turns: 1419, Time: 00:04:49

Health: -13/33     AC:  9    Str: 27    XL:     3   Next: 53%
Magic:  3/3        EV:  9    Int:  9    God:
Gold:   83         SH:  0    Dex:  9    Spells: 2/4 levels left

rFire   . . .        a - +0 mace
rCold   . . .        (no shield)
rNeg    . . .        b - +1 robe
rPois   .            (helmet restricted)
rElec   .            (no cloak)
rCorr   .            (gloves unavailable)
SInv    .            (boots unavailable)
Will    .....        (no amulet)
Stlth   +            g - +6 ring of strength
HPRegen 1.05/turn    i - +4 ring of protection
MPRegen 0.08/turn

%: no passive effects
@: hasted, very quick
A: large, unfitting armour, claws 3, regeneration 1, shaggy fur 1, tough skin 1
a: no special abilities


You were on level 3 of the Dungeon.
You visited 1 branch of the dungeon, and saw 3 of its levels.

You collected 83 gold pieces.

Inventory:

Hand Weapons
 a - a +0 mace (weapon)
Missiles
 d - 6 boomerangs of dispersal (quivered)
Armour
 b - a +1 robe (worn)
Jewellery
 g - a +6 ring of strength (left claw)
 i - a +4 ring of protection (right claw)
Scrolls
 c - 3 scrolls of blinking
 e - 2 scrolls of enchant armour
 j - a scroll of noise {unknown}
Potions
 f - a potion of curing
 h - a potion of haste
 k - a potion of might {unknown}


   Skills:
 - Level 1.5 Fighting
 * Level 3.6 Maces & Flails
 - Level 0.8 Throwing
 - Level 1.9 Dodging
 - Level 1.2 Spellcasting
 - Level 2.1 Translocations


You had 2 spell levels left.
You knew the following spells:

 Your Spells              Type           Power      Damage    Failure   Level
a - Blink                 Tloc           8%         N/A       22%         2

Your spell library contained the following spells:

 Spells                   Type           Power      Damage    Failure   Level
 Lesser Beckoning         Tloc           8%         N/A       22%         2
 Teleport Other           Tloc           4%         N/A       41%         3
 Vhi's Electric Charge    Tloc/Air       4%         N/A       56%         3
 Manifold Assault         Tloc           4%         N/A       82%         4


Dungeon Overview and Level Annotations

Branches:
Dungeon (3/15)

Altars:
Zin

Shops:
D:1 =!   D:2 (


Innate Abilities, Weirdness & Mutations

You are too large for most types of armour.
You have claws for hands.
Your natural rate of healing is unusually fast.
You are covered in fur. (AC +1)
You have tough skin. (AC +1)


Message History

k - a glowing clear potion
Found a glowing silver altar of Zin.
You now have 83 gold pieces (gained 15).
There is a glowing silver altar of Zin here.
Found a stone staircase leading down.
No target in view!
Found a pair of gloves.
Found a spear.
Search for what [Enter for "armor", or ? for help]? armor Unknown command.
You open the door.
There is an open door here.
An ogre comes into view. It is wielding a +0 giant club.
Found 3 gold pieces.
The ogre shouts!
An ogre is nearby!
An ogre is nearby!
You throw a boomerang of dispersal.
The boomerang of dispersal hits the ogre and shatters for extra damage.
The ogre blinks!
An ogre is nearby!
You aren't carrying any items that you can evoke.
It was a potion of curing.
You feel better.
It was a potion of haste.
You feel yourself speed up.
You closely miss the ogre.
The ogre is lightly wounded.
The ogre hits you with a +0 giant club!!
Ouch! That really hurt!
You thump the ogre!
The ogre is heavily wounded.
You hit the ogre.
The ogre is heavily wounded.
The ogre barely misses you.
You hit the ogre.
The ogre is severely wounded.
You hit the ogre.
The ogre is severely wounded.
The ogre hits you with a +0 giant club!!
Ouch! That really hurt!
You die...

#........#.#........#
###........#.#........#
#...####.###.#.....^...
##.#.####..............#
.._.....#.###.##.......#
##.#.##.#)###'##.......#
.....# #.##...#######.#
###### #.##...#######.#
...... #.##....@O..$..#
##.... #.##...#########
.. .. #####


You could see an ogre.

Vanquished Creatures
  A worm (D:2)
  2 dart slugs
  5 ball pythons
  8 endoplasms
  2 giant cockroaches
  5 goblins
  3 hobgoblins
  A jackal (D:2)
  2 bats (D:1)
  4 frilled lizards (D:1)
  5 rats
38 creatures vanquished.

Notes
Turn   | Place    | Note
-------+----------+-------------------------------------------
     0 | D:1      | LobsterGuardian the Troll Warper began the quest for the
                  | Orb.
     0 | D:1      | Reached XP level 1. HP: 19/19 MP: 1/1
    44 | D:1      | Reached skill level 2 in Maces & Flails
   103 | D:1      | Reached XP level 2. HP: 27/27 MP: 2/2
   149 | D:1      | Found Qiadat's Distillery.
   162 | D:1      | Found Empulaapp's Jewellery Emporium.
   236 | D:1      | Found a faded altar of an unknown god.
   704 | D:1      | Learned a level 2 spell: Blink
   786 | D:2      | Found Padoah's Antique Weapon Emporium.
   799 | D:2      | Reached skill level 3 in Maces & Flails
   843 | D:2      | Reached XP level 3. HP: 32/33 MP: 3/3
  1370 | D:3      | Found a glowing silver altar of Zin.
  1405 | D:3      | Noticed an ogre
  1419 | D:3      | Mangled by an ogre

Illustrated notes

Levels and vault maps discovered:
D:1:      amcnicky_arrival_double_pillar, layout_basic,
          shapermc_ecumenical_altar_venn, serial_shops, shop, shop_fountains
D:2:      layout_rooms, serial_shops, shop, st_stairs_13
D:3:      layout_basic, lemuel_tele_altar, lemuel_crystal_altar,
          gammafunk_ghost_nasty_kobolds, uniq_ijyb

Skill      XL: |  1  2 |
---------------+-------+-----
Maces & Flails | 2 3 |  3.6
Fighting       | |  1.5
Throwing       | |  0.8
Dodging        | |  1.9
Spellcasting   | |  1.2
Translocations | |  2.1

Action                     || total
---------------------------++-------
  Melee: Mace              ||   133
  Throw: Boomerang         ||     1
    Use: Scroll            ||     3
         Potion            ||     2
   Stab: Sleeping          ||     3
 Armour: Robe              ||    62
  Dodge: Dodged            ||    66

Table legend: (Time is in decaauts)
 A = Elapsed time spent in this place.
 B = Non-inter-level travel time spent in this place.
 C = Inter-level travel time spent in this place.
 D = Time resting spent in this place.
 E = Time spent auto-exploring this place.
 F = Levels seen in this place.
 G = Mean time per level.
                   A        B        C        D        E       F      G
               +--------+--------+--------+--------+--------+-----+--------+
         Total |   1448 |   1364 |     84 |    100 |    969 |   3 |  482.7 |
       Dungeon |   1448 |   1364 |     84 |    100 |    969 |   3 |  482.7 |
               +--------+--------+--------+--------+--------+-----+--------+

Top non-repeatable levels by time:
     D:1: 782 daAuts
     D:2: 602 daAuts
     D:3: 64 daAuts
